 Dungeon Crawl Stone Soup version 0.26-a0-466-g989023bd0d (webtiles) character file.

Game seed: 3821044660223972066

15951 hanbok the Spear-Bearer (level 12, -2/81 HPs)
             Began as an Octopode Fighter on Aug 12, 2020.
             Was a High Priest of Fedhas.
             Slain by a yak (17 damage)
             ... on level 11 of the Dungeon.
             The game lasted 00:26:37 (13315 turns).

hanbok the Spear-Bearer (Octopode Fighter)         Turns: 13315, Time: 00:26:38

Health: -2/81      AC: -3    Str: 19    XL:     12   Next: 32%
Magic:  34/34      EV: 18    Int: 12    God:    Fedhas [*****.]
Gold:   358        SH:  0    Dex: 23    Spells: 11/11 levels left

rFire    + . .     SeeInvis +   M - +3 spear
rCold    x . .     Faith    .   b - +0 kite shield
rNeg     . . .     Spirit   .   (helmet restricted)
rPois    .         Reflect  +   o - amulet of reflection
rElec    .         Harm     .   g - +6 ring of dexterity
rCorr    .                      w - +6 ring of dexterity
MR       .....                  E - ring of see invisible
Stlth    +++.......             K - ring of magical power
HPRegen  0.23/turn              D - ring of fire
MPRegen  0.24/turn              P - -4 ring of protection
                                S - ring of magical power
                                (no ring)

@: confused
A: almost no armour, stealthy swim, amphibious, 8 rings, constrict 8, camouflage
1, gelatinous body 1
a: Wall of Briars, Grow Ballistomycete, Overgrow, Grow Oklob, Renounce Religion


You were on level 11 of the Dungeon.
You worshipped Fedhas.
Fedhas was extremely pleased with you.
You visited 1 branch of the dungeon, and saw 11 of its levels.

You collected 580 gold pieces.
You spent 222 gold pieces at shops.

Inventory:

Hand Weapons
 a - a +0 trident
 M - a +3 spear (weapon)
Missiles
 m - 69 poisoned darts (quivered)
 q - a throwing net
 I - 15 boomerangs
Armour
 b - a +0 kite shield (worn)
Jewellery
 g - a +6 ring of dexterity (left tentacle)
 k - an uncursed ring of ice
 o - an amulet of reflection (around mantle)
 w - a +6 ring of dexterity (right tentacle)
 D - a ring of fire (on tentacle)
 E - a ring of see invisible (on tentacle)
 K - a ring of magical power (on tentacle)
 O - an uncursed ring of ice
 P - a -4 ring of protection (on tentacle)
 S - a ring of magical power (on tentacle)
Wands
 A - a wand of clouds (5)
 G - a wand of disintegration (11)
 L - a wand of random effects (40)
 N - a wand of iceblast (9)
 R - a wand of acid (9)
Scrolls
 d - 4 scrolls of identify
 e - a scroll of blinking {unknown}
 h - a scroll of fear {unknown}
 l - 3 scrolls of remove curse
 n - 2 scrolls of random uselessness
 r - a scroll of enchant armour {unknown}
 s - 2 scrolls of amnesia
 u - a scroll of fog {unknown}
 x - 2 scrolls of enchant weapon {unknown}
 y - 2 scrolls of magic mapping
 C - 2 scrolls of teleportation {unknown}
 F - 2 scrolls of acquirement {unknown}
 H - a scroll of vulnerability {unknown}
 Q - a scroll of holy word {unknown}
Potions
 c - 3 potions of might
 f - a potion of haste
 i - 6 potions of curing
 j - 3 potions of lignification
 p - 4 potions of resistance
 t - 4 potions of brilliance
 v - 2 potions of ambrosia
 z - 4 potions of stabbing
 B - 3 potions of flight
 J - a potion of invisibility


   Skills:
 + Level 7.3 Fighting
 + Level 10.7 Polearms
 + Level 8.5 Throwing
 + Level 7.0 Dodging
 - Level 7.0 Stealth
 + Level 8.8 Shields
 * Level 6.5 Invocations


You had 11 spell levels left.
You didn't know any spells.
Your spell library contained the following spells:

 Spells                   Type           Power        Failure   Level
 Animate Skeleton         Necr           #.....       58%         1
 Apportation              Tloc           #.....       58%         1
 Corona                   Hex            #......      58%         1
 Summon Small Mammal      Summ           #...         58%         1


Dungeon Overview and Level Annotations

Branches:
Dungeon (11/15)            Temple (0/1) D:5            Lair (0/6) D:11
    Orc: D:9-12

Altars:
Cheibriados
Dithmenos
Elyvilon
Fedhas
Hepliaklqana
Makhleb
Nemelex Xobeh
Okawaru
Ru
Sif Muna
Trog
Uskayaw
Wu Jian
Yredelemnul

Shops:
D:4 !   D:6 =}

Annotations:
D:6 exclusion: downstairs
D:7 exclusion: downstairs
D:9 exclusion: 2 downstairs
D:10 Harold


Innate Abilities, Weirdness & Mutations

You cannot wear most types of armour.
You are very stealthy in the water. (Stealth+)
You are amphibious.
You can wear up to eight rings at the same time.
You can use your tentacles to constrict eight enemies at once.
Your skin changes colour to match your surroundings (Stealth+).
Your rubbery body absorbs attacks. (AC +1, EV +1)


Message History

Unknown command.
You hit the manticore. You squeeze the manticore!
The manticore is severely wounded.
The yak gores your ballistomycete! You block the adder's attack.
You block the manticore's attack. x2; The manticore claws you!
* * * LOW HITPOINT WARNING * * *
The yak gores you.
* * * LOW HITPOINT WARNING * * *
The adder barely misses you. The yak gores your ballistomycete.
The manticore flicks its tail.
The volley of spikes reflects off an invisible shield around you!
The volley of spikes hits the adder!!
You kill the adder!
Fedhas accepts your kill.
A ballistomycete spore comes into view.
Unknown command.
You are confused.
You feel invigorated. The yak gores you!
You die...
Fedhas appreciates your contribution to the ecosystem.

......,* #..#####.###..# *,,,,
.....,,* #[.[.[=).# #..# *###.,,,
..>..<** #.######[###.#* *...,.,,
....*** #.# #.....####.##.##.
....* #)# ###.#.......#.##. .#.#*
#.########.[..P......##. .#.#
#.##............P....##.
.#.#######.##.#####....P.......#.
.#..........>...@..............#.
..###############Y......)........
..# #YH.............. ..#
#Y.P(............ .##
##o*.....[........ .#
#...(............. .#
#........>........ .#
#..P.............. .#
#(................


You could see a manticore, 3 yaks, an orc, a friendly ballistomycete (summoned)
and a friendly ballistomycete spore.

Vanquished Creatures
  Fannar (D:10)
  Erica (D:10)
  2 two-headed ogres
  2 unseen horrors
  Pikel (D:7)
  A gargoyle (D:11)
  Joseph (D:8)
  Psyche (D:10)
  Maggie (D:10)
  A centaur skeleton (D:10)
  2 trolls
  A polar bear (D:8)
  3 hippogriffs
  Sigmund (D:6)
  A wraith (D:11)
  8 yaks
  A wyvern (D:10)
  A water moccasin (D:7)
  2 porcupines (D:11)
  2 black bears (D:11)
  3 sky beasts
  2 phantoms (D:7)
  4 orc warriors
  5 ice beasts
  10 ogres
  2 centaurs
  2 wolves (D:8)
  2 lemures (D:7)
  A big kobold (D:9)
  15 bullfrogs
  A wyvern skeleton (D:7)
  27 killer bees
  5 scorpions
  10 wights
  2 electric eels (D:8)
  2 howler monkeys
  A bullfrog zombie (D:7)
  4 hounds
  4 orc priests
  A wyvern simulacrum (D:8)
  2 jellies
  A gnoll shaman (D:5)
  3 bullfrog skeletons
  2 iguanas (D:9)
  16 orc wizards
  11 worker ants
  A bullfrog simulacrum (D:8)
  A centaur simulacrum (D:8)
  A hound skeleton (D:9)
  18 adders
  4 gnolls (D:5)
  5 white imps
  An adder zombie (D:3)
  4 worms
  A dart slug (D:3)
  An adder simulacrum (D:8)
  5 leopard geckos
  29 orcs
  3 bats
  7 giant cockroaches
  5 goblins
  7 hobgoblins (D:1)
  23 jackals
  4 quokkas
  2 ball pythons
  4 frilled lizards
  10 kobolds
  A quokka zombie (D:7)
  7 rats
316 creatures vanquished.

Vanquished Creatures (others)
  51 fungi (D:11)
  58 plants (D:11)
109 creatures vanquished.

Grand Total: 425 creatures vanquished

Notes
Turn   | Place    | Note
-------+----------+-------------------------------------------
     0 | D:1      | hanbok the Octopode Fighter began the quest for the Orb.
     0 | D:1      | Reached XP level 1. HP: 16/16 MP: 1/1
    88 | D:1      | Reached XP level 2. HP: 21/21 MP: 2/2
   388 | D:1      | Reached XP level 3. HP: 22/26 MP: 3/3
   836 | D:2      | Reached skill level 1 in Stealth
   948 | D:3      | Found a faded altar of an unknown god.
  1005 | D:3      | Found a shadowy altar of Dithmenos.
  1036 | D:3      | Reached skill level 3 in Polearms
  1036 | D:3      | Reached XP level 4. HP: 31/31 MP: 4/4
  1401 | D:3      | Found a burning altar of Makhleb.
  1513 | D:3      | Found a blossoming altar of Fedhas.
  1651 | D:3      | Found a sparkling altar of Nemelex Xobeh.
  1789 | D:3      | Became a worshipper of Fedhas Madash
  1845 | D:4      | Reached XP level 5. HP: 36/36 MP: 5/5
  1906 | D:4      | Reached skill level 1 in Throwing
  1929 | D:4      | Found Oder's Distillery.
  1939 | D:4      | Reached skill level 4 in Polearms
  1939 | D:4      | Reached XP level 6. HP: 43/43 MP: 6/6
  1980 | D:4      | Bought a potion of curing for 42 gold pieces
  2097 | D:4      | Found a snail-covered altar of Cheibriados.
  2543 | D:5      | Entered Level 5 of the Dungeon
  2627 | D:5      | Found a white marble altar of Elyvilon.
  2679 | D:5      | Reached XP level 7. HP: 33/47 MP: 7/7
  2884 | D:5      | Reached * piety under Fedhas
  2890 | D:5      | Found an iron altar of Okawaru.
  3156 | D:5      | Reached skill level 5 in Polearms
  3422 | D:5      | Found a basalt altar of Yredelemnul.
  3718 | D:5      | Found a staircase to the Ecumenical Temple.
  3812 | D:6      | Found Wehe's Gadget Shoppe.
  3850 | D:6      | Found an ornate altar of the Wu Jian Council.
  3977 | D:6      | Noticed Sigmund
  3983 | D:6      | Killed Sigmund
  3983 | D:6      | Reached skill level 5 in Stealth
  3983 | D:6      | Reached XP level 8. HP: 54/54 MP: 8/8
  4045 | D:6      | Found Opsuuw's Jewellery Shoppe.
  4050 | D:6      | Bought an uncursed ring of see invisible for 180 gold
                  | pieces
  4090 | D:6      | Reached skill level 6 in Polearms
  4157 | D:6      | Found a sacrificial altar of Ru.
  4158 | D:6      | Found a hazy altar of Hepliaklqana.
  4159 | D:6      | Found a shadowy altar of Dithmenos.
  4596 | D:6      | Found a shimmering blue altar of Sif Muna.
  4898 | D:7      | Reached ** piety under Fedhas
  5110 | D:7      | Noticed a hippogriff
  5131 | D:6      | Killed a hippogriff
  5131 | D:6      | Reached skill level 5 in Shields
  5498 | D:7      | Noticed Pikel
  5508 | D:7      | Killed Pikel
  5508 | D:7      | Reached skill level 5 in Fighting
  5508 | D:7      | Reached skill level 7 in Polearms
  5508 | D:7      | Reached XP level 9. HP: 41/61 MP: 9/9
  5866 | D:7      | Reached skill level 8 in Polearms
  6066 | D:7      | Noticed a moth of wrath
  6069 | D:7      | Found a bloodstained altar of Trog.
  6164 | D:7      | Found a hide-covered altar of Uskayaw.
  6205 | D:8      | Noticed a polar bear
  6249 | D:7      | Reached skill level 5 in Dodging
  6468 | D:8      | Reached XP level 10. HP: 59/66 MP: 10/10
  6596 | D:8      | Reached skill level 5 in Throwing
  6626 | D:8      | Reached *** piety under Fedhas
  6931 | D:8      | Reached skill level 9 in Polearms
  7134 | D:8      | Reached skill level 1 in Invocations
  7678 | D:8      | Noticed Joseph
  7693 | D:8      | Killed Joseph
  8148 | D:9      | Noticed a two-headed ogre
  8165 | D:9      | HP: 2/68 [two-headed ogre/+0 giant club (23)]
  8170 | D:9      | Killed a two-headed ogre
  8449 | D:9      | Reached **** piety under Fedhas
  8745 | D:9      | Reached XP level 11. HP: 69/73 MP: 13/13
  9064 | D:10     | Entered Level 10 of the Dungeon
  9064 | D:10     | Noticed Fannar
  9091 | D:10     | Killed Fannar
  9429 | D:10     | Noticed Erica
  9445 | D:10     | Killed Erica
  9658 | D:10     | HP: 3/74 [poisoned by a killer bee]
  9666 | D:10     | HP: 3/74 [poisoned by a killer bee]
 10026 | D:10     | Noticed an unseen horror
 10059 | D:10     | Killed an unseen horror
 10059 | D:10     | Reached skill level 10 in Polearms
 10321 | D:10     | Noticed Psyche
 10339 | D:10     | Killed Psyche
 10588 | D:10     | Noticed Harold
 10754 | D:10     | Reached ***** piety under Fedhas
 10969 | D:10     | Reached skill level 5 in Invocations
 11451 | D:10     | Noticed Maggie
 11486 | D:10     | Killed Maggie
 12255 | D:11     | Reached XP level 12. HP: 81/81 MP: 16/16
 12284 | D:11     | Found a staircase to the Lair.
 12284 | D:11     | Noticed a two-headed ogre
 12302 | D:11     | Killed a two-headed ogre
 13315 | D:11     | Slain by a yak

Illustrated notes

Levels and vault maps discovered:
D:1:      minmay_arrival_doors, layout_rooms
D:2:      layout_rooms, roderic_malta_cross, chequers_decorated_corner
D:3:      layout_basic, old_standard_altar, lemuel_crystal_altar,
          nemelex_xobeh_ov_fountains_minmay, chequers_ecumenical_altar_grove,
          nicolae_dithmenos_shadow_blocks
D:4:      layout_rooms, lemuel_round_altar, serial_shops,
          nicolae_shop_window_shopping
D:5:      layout_loops_ring, kennysheep_ying_yang, okawaru_metal_pillars_1_2,
          minmay_temple_entry_statues
D:6:      layout_basic, led_sif_pool, old_standard_altar,
          chequers_temple_overflow_statue_of_worship, serial_shops, shop,
          kennysheep_little_box, uniq_sigmund
D:7:      layout_rooms, tgw_trog, lemuel_doored_altar, uniq_pikel
D:8:      layout_basic, serial_ice, serial_ice_f, serial_ice_j, serial_ice_h,
          serial_ice_e, serial_ice_g, serial_ice_m, corexii_hall_statues_s,
          uniq_joseph
D:9:      layout_roguey
D:10:     layout_long_grid, uniq_erica, uniq_psyche, uniq_maggie, uniq_harold,
          uniq_fannar
D:11:     layout_loops_ring, due_lair_maze_entry_diamond

Skill      XL: |  1  2  3  4  5  6  7  8  9 10 11 12 |
---------------+-------------------------------------+-----
Stealth        | 1 2 3 4 5 6 7 |  7.0
Polearms       | 3 4 5 7 8 9 10 | 10.7
Throwing       | 1 2 4 6 7 8 |  8.5
Shields        | 4 5 6 7 8 |  8.8
Fighting       | 4 5 6 7 |  7.3
Dodging        | 4 5 6 7 |  7.0
Invocations    | 3 5 6 |  6.5

Action                   |  1- 3 |  4- 6 |  7- 9 | 10-12 || total
-------------------------+-------+-------+-------+-------++-------
Melee: Trident           |    80 |    78 |   147 |       ||   305
       Constrict         |    17 |    18 |    45 |    98 ||   178
       Tentacles         |     8 |    15 |    70 |   197 ||   290
       Spear             |       |       |    70 |   621 ||   691
Throw: Dart              |     8 |     9 |    39 |   174 ||   230
       Boomerang         |       |       |    29 |    12 ||    41
Invok: Grow Ballistomyce |       |       |       |     1 ||     1
  Use: Scroll            |       |       |       |    14 ||    14
       Potion            |       |       |       |     6 ||     6
 Stab: Sleeping          |     9 |    10 |    10 |     9 ||    38
       Distracted        |     1 |       |       |     3 ||     4
Armor: Skin              |     1 |     2 |     1 |       ||     4
Dodge: Dodged            |    21 |    12 |    53 |   143 ||   229
Block: Kite shield       |    22 |    41 |    99 |   298 ||   460
       Reflection        |     1 |       |     4 |    19 ||    24

Table legend: (Time is in decaauts)
 A = Elapsed time spent in this place.
 B = Non-inter-level travel time spent in this place.
 C = Inter-level travel time spent in this place.
 D = Time resting spent in this place.
 E = Time spent auto-exploring this place.
 F = Levels seen in this place.
 G = Mean time per level.
                   A        B        C        D        E       F      G
               +--------+--------+--------+--------+--------+-----+--------+
         Total |  13104 |  12599 |    505 |   4505 |   5893 |  11 | 1191.3 |
       Dungeon |  13104 |  12599 |    505 |   4505 |   5893 |  11 | 1191.3 |
               +--------+--------+--------+--------+--------+-----+--------+

Top non-repeatable levels by time:
    D:10: 2304 daAuts
     D:8: 1521 daAuts
     D:6: 1404 daAuts
     D:9: 1362 daAuts
    D:11: 1341 daAuts
     D:7: 1329 daAuts
     D:5: 1266 daAuts
     D:3: 928 daAuts
     D:4: 735 daAuts
     D:1: 670 daAuts
     D:2: 238 daAuts
